 Dungeon Crawl Stone Soup version 0.32-a0-799-g95e1662365 (console) character file.

Game seed: 12286533090207442518

97 petzl the Sneak (level 5, 0/49 (61) HPs)
             Began as a Formicid Delver on Mar 22, 2024.
             Killed from afar by an orc wizard (8 damage)
             ... with a puff of flame
             ... on level 10 of the Dungeon.
             The game lasted 00:11:25 (1523 turns).

petzl the Sneak (Formicid Delver)                   Turns: 1523, Time: 00:11:26

HP:   0/49 (61)     AC: 22    Str: 17    XL:     5   Next: 0%
MP:   9/11          EV:  2    Int: 11    God:
Gold: 122           SH:  0    Dex: 15    Spells: 12/12 levels left

rFire   . . .        a - +0 flail (chaos)
rCold   . . .        (no shield)
rNeg    . . .        b - melded +0 leather armour
rPois   +            (helmet unavailable)
rElec   .            (cloak currently unavailable)
rCorr   .            o - melded +1 pair of gloves {Stlth+}
SInv    .            (boots currently unavailable)
Will    .....        (no amulet)
Stlth   +            (no ring)
HPRegen 0.28/turn    (no ring)
MPRegen 0.12/turn

%: no passive effects
@: confused, tree-form, heavily drained
A: stationary, stasis, torment immunity, boosted hp, permanent stasis, dig
shafts and tunnels, (antennae 3), four strong arms, (iridescent scales 1), (cold
resistance 1)
a: no special abilities


You were on level 10 of the Dungeon.
You were a tree.
You visited 1 branch of the dungeon, and saw 7 of its levels.

You collected 122 gold pieces.

Inventory:

Hand Weapons
 a - a +0 flail of chaos (weapon)
 i - a +0 spear {!f =f}
 j - a +0 mace
Armour
 b - a +0 leather armour (melded)
 o - a +1 pair of gloves of stealth (melded)
Wands
 f - a wand of digging (2)
Scrolls
 c - 2 scrolls of fog
 d - 2 scrolls of revelation
 g - a scroll of brand weapon
 k - a scroll of butterflies {unknown}
 n - a scroll of identify {unknown}


   Skills:
 - Level 3.2 Fighting
 - Level 2.0 Maces & Flails
 - Level 1.7 Dodging
 - Level 6.0 Stealth
 + Level 4.1 Spellcasting


You had 12 spell levels left.
You didn't know any spells.
Your spell library was empty.

Dungeon Overview and Level Annotations

Branches:
Dungeon (11/15)               Orc (0/2) D:9
 Temple: D:4-7         Lair: D:8-11

Altars:
Cheibriados
Hepliaklqana
Ru
Wu Jian

Annotations:
D:5 exclusions: ice beast and orc priest, Eustachio
D:6 Gazog's ghost, novice GnFi
D:7 exclusion: gnoll
D:8 3 runed translucent doors, exclusions: bullfrog, downstairs and 2 sensed monsters (detected)
D:10 exclusion: sensed monster (detected)


Innate Abilities, Weirdness & Mutations

You are a tree.
Your roots penetrate the ground, keeping you stationary.
You cannot be teleported.
You are immune to unholy pain and torment.
Your maximum health is greatly increased.
Your equipment is partially melded.
You cannot be hasted, slowed, berserked, paralysed or teleported.
You can dig through walls and to a lower floor.
((You have a pair of large antennae on your head. (SInv)))
Your four strong arms can wield two-handed weapons with a shield.
((You are partially covered in iridescent scales. (AC +2)))
((Your flesh is cold resistant. (rC+)))


Message History

The orc priest hits you with a +0 dagger.
* * * LOW HITPOINT WARNING * * *
Something hits you but does no damage.
You feel drained. The orc hits you but does no damage. x2
You attack the metal wall.
You feel less confused.
The orc priest hits you but does no damage.
Something hits you but does no damage.
You feel drained. The orc hits you but does no damage. x2
The orc priest hits you but does no damage.
You hit the orc priest but do no damage.
Lightning courses through the orc priest!
You kill the orc priest!
Something hits you but does no damage.
You feel drained.
The orc hits you but does no damage. x2; Something hits you but does no damage.
You feel drained.
Your Spellcasting skill increases to level 4!
You hit the orc.
The orc seems to grow stronger.
The orc is almost dead.
The orc hits you but does no damage. x2
You hear some strange, mumbled words.
Something tries to affect you, but you resist.
The orc hits you but does no damage. x2
You hit the orc.
You feel better.
You kill the orc!
You hear some strange, mumbled words.
You are confused.
The orc barely misses you.
You cannot move. (Use ctrl+direction or * direction to attack while stationary and confused.)
You nearly hit yourself!
Something hits you but does no damage.
You feel drained. The orc hits you but does no damage.
You hit the orc. Lightning courses through the orc!!
You kill the orc!
Something hits you but does no damage.
You feel drained.
You have reached level 5!
You attack the metal wall.
You hear some strange, mumbled words.
A puff of flame appears from out of thin air!
The puff of flame hits you!
You die...

###############
###..............
#............####
######.#..###.###..###
##♣{......##..#..##....
#))).....##..# #..##...
#.###.####..# #..####
#.#..#..#..# #.. #.#..
..#.# { #. #.#.. ..$#
#.#.. ..#.# { { ##.#..
..#.. ##..# ##..##
#..## #.## { { #. { o{
{{ { #.{{{ { #.{ { #o.
#..# ..##


There were no monsters in sight!

Vanquished Creatures
  An orc priest (D:10)
  2 orc wizards
  An adder (D:6)
  5 orcs
9 creatures vanquished.

Notes
Turn   | Place    | Note
-------+----------+-------------------------------------------
     0 | D:5      | petzl the Formicid Delver began the quest for the Orb.
     0 | D:5      | Reached XP level 1. HP: 18/18 MP: 1/1
    77 | D:5      | Noticed Eustachio
   142 | D:5      | Noticed an orc priest
   165 | D:5      | Noticed an ice beast
   183 | D:6      | Noticed an ice beast
   186 | D:6      | Noticed Gazog's ghost (novice GnFi)
   187 | D:6      | Noticed an ice beast
   208 | D:6      | Noticed a jelly
   253 | D:6      | Noticed an ogre
   256 | D:6      | Reached skill level 1 in Spellcasting
   256 | D:6      | Reached XP level 2. HP: 10/24 MP: 1/4
   279 | D:7      | Noticed a killer bee
   279 | D:7      | Noticed a killer bee
   279 | D:7      | Noticed a killer bee
   279 | D:7      | Noticed a killer bee
   283 | D:7      | You fall into a shaft and drop 1 floor!
   374 | D:8      | Reached XP level 3. HP: 11/29 MP: 5/7
   478 | D:9      | Noticed an orc warrior
   478 | D:9      | Found a staircase to the Orcish Mines.
   703 | D:7      | Reached XP level 4. HP: 14/35 MP: 7/9
   708 | D:7      | You fall into a shaft and drop 1 floor!
   908 | D:7      | Found a sacrificial altar of Ru.
   928 | D:7      | You fall into a shaft and drop 3 floors!
   928 | D:10     | Entered Level 10 of the Dungeon
   941 | D:9      | Noticed a bullfrog
   941 | D:9      | Noticed an orc warrior
   941 | D:9      | Noticed a bullfrog
   950 | D:8      | Noticed a bullfrog
  1002 | D:8      | Noticed a yak
  1009 | D:8      | Found a runed translucent gate.
  1009 | D:8      | Found a runed translucent gate.
  1009 | D:8      | Found a runed translucent gate.
  1009 | D:8      | Noticed a hog
  1009 | D:8      | Noticed a black bear
  1009 | D:8      | Noticed a black bear
  1009 | D:8      | Noticed a dream sheep
  1009 | D:8      | Noticed a death yak
  1009 | D:8      | Noticed a black bear
  1009 | D:8      | Noticed a black bear
  1009 | D:8      | Noticed a polar bear
  1009 | D:8      | Noticed a hog
  1009 | D:8      | Noticed a wolf
  1009 | D:8      | Noticed a black bear
  1009 | D:8      | Noticed a dream sheep
  1010 | D:8      | Noticed a black bear
  1010 | D:8      | Noticed a death yak
  1010 | D:8      | Noticed a black bear
  1010 | D:8      | Noticed a black bear
  1011 | D:8      | Noticed a black bear
  1053 | D:8      | You fall into a shaft and drop 1 floor!
  1053 | D:9      | Found a hazy altar of Hepliaklqana.
  1187 | D:9      | Found a snail-covered altar of Cheibriados.
  1226 | D:9      | Noticed a wraith
  1241 | D:9      | You fall into a shaft and drop 1 floor!
  1274 | D:9      | Noticed a yak
  1274 | D:9      | Noticed a yak
  1282 | D:9      | Noticed a laughing skull
  1283 | D:9      | Noticed a yak
  1285 | D:9      | You fall into a shaft and drop 1 floor!
  1407 | D:11     | Noticed a troll
  1442 | D:10     | Found an ornate altar of the Wu Jian Council.
  1442 | D:10     | Noticed a cyclops
  1509 | D:10     | Gained mutation: Your flesh is cold resistant. (rC+)
                  | [potion of mutation]
  1509 | D:10     | Gained mutation: You are partially covered in iridescent
                  | scales. (AC +2) [potion of mutation]
  1523 | D:10     | Reached XP level 5. HP: 8/33 MP: 9/11
  1523 | D:10     | Killed from afar by an orc wizard

Illustrated notes

Levels and vault maps discovered:
D:5:      layout_basic, minmay_hedge_maze, uniq_eustachio
D:6:      layout_gridville, lemuel_round_altar,
          minmay_temple_entry_statues_pillars, gammafunk_ghost_icy,
          minmay_misc_feat_room
D:7:      layout_loops_cross, nicolae_ru_path_of_blood,
          makhleb_blood_cavern_becter, gammafunk_ghost_wrathful_warriors,
          dk_noncrumbling_3
D:8:      lemuel_bear_cage, layout_basic, trog_butcher_becter
D:9:      layout_cave_pools, amcnicky_altar_gilded, kennysheep_mini,
          mainiacjoe_overflow_catch_the_wave, david_orc_2, serial_gnoll_camp,
          gnoll_camp_mini_hut, gnoll_camp_mini_doghouse, gnoll_camp_mini_hut,
          gnoll_camp_mini_house, grums_kennel
D:10:     minmay_the_grid_octo_tiled_squarecenter [minmay_the_grid_octo_focus,
          minmay_the_grid_octo_concentric, minmay_the_grid_octo_fat_diamond,
          minmay_the_grid_octo_shrine,
          minmay_the_grid_square_5x5_megaprize_diamond,
          minmay_the_grid_square_5x5_spiral,
          minmay_the_grid_square_5x5_two_small,
          minmay_the_grid_square_5x5_beaten_path,
          minmay_the_grid_square_5x5_bridge], layout_rooms,
          nicolae_wu_jian_glorious_leap, grunt_ministairs_3,
          nicolae_nh_oracle_at_delphi, uniq_joseph
D:11:     layout_roguey [special_room_bee], erik_lair_orcish_takeover,
          eat_drink_and_be_merry_uskayaw, uniq_psyche, uniq_grum

Skill      XL: |  1  2  3  4 |
---------------+-------------+-----
Spellcasting   | 1 2 3 4 |  4.1
Fighting       | |  3.2
Maces & Flails | |  2.0
Dodging        | |  1.7
Stealth        | |  6.0

Action                     |  1- 3 |  4- 6 || total
---------------------------+-------+-------++-------
  Melee: Spear             |    11 |       ||    11
         Mace              |    25 |    11 ||    36
         Flail             |       |    10 ||    10
Ability: Shaft Self        |     1 |     5 ||     6
  Evoke: Wand              |       |     1 ||     1
    Use: Scroll            |     1 |     2 ||     3
         Potion            |       |     3 ||     3
 Armour: Leather armour    |    30 |    21 ||    51
         Skin              |       |    49 ||    49
  Dodge: Dodged            |    25 |    24 ||    49

Table legend: (Time is in decaauts)
 A = Elapsed time spent in this place.
 B = Non-inter-level travel time spent in this place.
 C = Inter-level travel time spent in this place.
 D = Time resting spent in this place.
 E = Time spent auto-exploring this place.
 F = Levels seen in this place.
 G = Mean time per level.
                   A        B        C        D        E       F      G
               +--------+--------+--------+--------+--------+-----+--------+
         Total |   1535 |   1535 |      0 |    604 |     51 |   7 |  219.3 |
       Dungeon |   1535 |   1535 |      0 |    604 |     51 |   7 |  219.3 |
               +--------+--------+--------+--------+--------+-----+--------+

Top non-repeatable levels by time:
     D:8: 513 daAuts
    D:10: 277 daAuts
     D:7: 240 daAuts
     D:9: 214 daAuts
     D:5: 179 daAuts
     D:6: 99 daAuts
    D:11: 9 daAuts
